 Dungeon Crawl Stone Soup version 0.25.0-11-g1f837a76a1 (webtiles) character file.

Game seed: 10814122439246805621

6383 DunjonMajik the Cleaver (level 11, -1/80 HPs)
             Began as a Formicid Fighter on June 24, 2020.
             Was an Elder of Uskayaw.
             Slain by a death yak (14 damage)
             ... on level 9 of the Dungeon.
             The game lasted 00:19:55 (9512 turns).

DunjonMajik the Cleaver (Formicid Fighter)          Turns: 9512, Time: 00:19:56

Health: -1/80      AC: 22    Str: 23    XL:     11   Next: 17%
Magic:  3/11       EV:  7    Int:  9    God:    Uskayaw [****..]
Gold:   812        SH: 13    Dex: 20    Spells: 10/10 levels left

rFire    . . .     SeeInvis +   a - +0 war axe
rCold    + . .     Gourm    .   c - +0 kite shield
rNeg     . . .     Faith    +   D - +7 plate armour {ponderous}
rPois    .         Spirit   .   (helmet unavailable)
rElec    .         Reflect  .   z - +0 cloak
rCorr    .         Harm     .   (no gloves)
MR       ++...                  (no boots)
Stlth    ..........             k - amulet of faith
HPRegen  0.23/turn              A - +6 ring of dexterity
MPRegen  0.12/turn              C - ring of Bikhluiw {+Fly rC+ MR+ Dex+4}

@: slow
A: permanent stasis, dig shafts and tunnels, four strong arms, antennae 3
a: Dig, Shaft Self, Stomp, Line Pass, Renounce Religion, Evoke Flight


You were on level 9 of the Dungeon.
You worshipped Uskayaw.
Uskayaw was noncommittal.
You were very hungry.

You visited 2 branches of the dungeon, and saw 10 of its levels.

You collected 812 gold pieces.

Inventory:

Hand Weapons
 a - a +0 war axe (weapon)
 b - the +6 hunting sling of the Spinneret {freeze, rN+ Int+3, unknown}
   (You found it on level 7 of the Dungeon)

   It causes projectiles fired from it to freeze those they strike, causing
   extra injury to most foes and up to half again as much damage against
   particularly susceptible opponents.
   They can also slow down cold-blooded creatures.
   It affects your intelligence (+3).
   It protects you from negative energy.
Missiles
 n - 44 poisoned darts (quivered)
 v - 6 curare-tipped darts
 G - 5 atropa-tipped darts
Armour
 c - a +0 kite shield (worn)
 q - a +1 chain mail of cold resistance
 z - a +0 cloak (worn)
 D - a +7 plate armour of ponderousness (worn)
Jewellery
 k - an amulet of faith (around neck)
 t - an uncursed ring of positive energy
 A - a +6 ring of dexterity (left hand)
 C - the ring of Bikhluiw (right hand) {+Fly rC+ MR+ Dex+4}
   (You took it off a centaur on level 5 of the Dungeon)

   [ring of protection from cold]

   It affects your dexterity (+4).
   It protects you from cold.
   It affects your resistance to hostile enchantments.
   It lets you fly.
Wands
 l - a wand of acid (8)
 w - a wand of random effects (11)
 B - a wand of clouds (6)
 H - a wand of iceblast (11)
 I - a wand of paralysis (6)
 J - a wand of flame (11)
 N - a wand of polymorph (8)
Scrolls
 j - a scroll of magic mapping
 m - a scroll of enchant armour {unknown}
 o - a scroll of identify
 p - 2 scrolls of remove curse
 u - 3 scrolls of immolation
 y - a scroll of noise {unknown}
 E - 2 scrolls of fog
 K - a scroll of enchant weapon {unknown}
 L - 2 scrolls of amnesia
Potions
 d - a potion of might
 e - a potion of heal wounds {unknown}
 g - 2 potions of degeneration {unknown}
 h - 2 potions of berserk rage {unknown}
 i - a potion of invisibility
 r - a potion of stabbing {unknown}
 s - 2 potions of lignification {unknown}
 x - 2 potions of resistance {unknown}
 F - a potion of mutation {unknown}
 O - a potion of cancellation {unknown}
Comestibles
 f - 24 rations


   Skills:
 - Level 5.5 Fighting
 + Level 10.8 Axes
 - Level 4.0 Throwing
 - Level 8.6 Armour
 - Level 10.2 Shields


You had 10 spell levels left.
You didn't know any spells.
Your spell library contained the following spells:

 Spells                   Type           Power        Failure   Level  Hunger
 Corona                   Hex            #......      99%         1    ##.....
 Magic Dart               Conj           #...         99%         1    ##.....
 Call Imp                 Summ           #.......     100%        2    ###....
 Ensorcelled Hibernation  Hex/Ice        #.....       100%        2    ###....
 Slow                     Hex            #.......     100%        2    ###....
 Confusing Touch          Hex            #.......     100%        3    ####...
 Conjure Flame            Conj/Fire      #.......     100%        3    ####...
 Dazzling Flash           Conj/Hex       #.....       100%        3    ####...
 Mephitic Cloud           Conj/Pois/Air  #.......     100%        3    ####...
 Tukima's Dance           Hex            #.......     100%        3    ####...
 Blink                    Tloc           Unusable     N/A         2    N/A

Dungeon Overview and Level Annotations

Branches:
Dungeon (9/15)             Temple (1/1) D:4            Lair (0/6) D:9
    Orc: D:9-12

Altars:
Ashenzari
Cheibriados
Elyvilon
Makhleb
Nemelex Xobeh
Okawaru
Qazlal
Ru
Sif Muna
Trog
Uskayaw
Wu Jian
Xom
Yredelemnul
The Shining One

Shops:
D:4 (


Innate Abilities, Weirdness & Mutations

You cannot be hasted, slowed, berserked, paralysed or teleported.
You can dig through walls and to a lower floor.
Your four strong arms can wield two-handed weapons with a shield.
You have a pair of large antennae on your head. (SInv)


Message History

You closely miss the worker ant.
The worker ant is heavily wounded.
Aiming: Line Pass
Press: ? - help, Dir - move target cursor The death yak appears confused.
You are feeling very hungry.
You block the worker ant's attack.
You hit the death yak.
The death yak is moderately wounded.
You slash the worker ant!
You kill the worker ant!
The death yak seems less confused.
The death yak barely misses you. The death yak gores you.
* * * LOW HITPOINT WARNING * * *
Aiming: Line Pass
Press: ? - help, Dir - move target cursor The death yak appears confused.
You feel somewhat more hungry.
You can no longer merge with and destroy a victim.
The death yak gores you!
You die...

..# ##...............#
#.####....(.######.#####
# #......###### #.## .#
....#### #..# ##.# ###.#
##:# #... ... #
##.###.##### ##.. ..
##.†........## ### #.
##............## #.
#@.............# # #.
#Y...........(.# ##
#.#.†††..........#
<########
#..††............#
........#
##...............#
#######..
###....>.........##
#................##
.........##........#
##.......##.######..#


You could see a death yak (confused).

Vanquished Creatures
  2 death yaks (D:9)
  A troll (D:7)
  Prince Ribbit (D:5)
  4 hogs (D:8)
  A human (D:8)
  A hungry ghost (D:8)
  Edmund (D:4)
  A water moccasin (D:8)
  An orc warrior (D:6)
  3 sky beasts
  An ice beast (D:6)
  A black bear (D:9)
  5 ogres
  2 phantoms (D:9)
  5 centaurs
  4 bullfrogs
  2 scorpions
  3 killer bees (D:7)
  5 wights (D:6)
  3 howler monkeys (D:8)
  7 crimson imps
  2 bullfrog skeletons
  2 centaur skeletons
  4 hounds
  4 jellies
  3 orc priests
  9 orc wizards
  2 iguanas
  A hell rat (D:9)
  4 worker ants
  A killer bee zombie (D:8)
  A worker ant zombie (D:5)
  11 adders
  A river rat (D:9)
  3 white imps (D:7)
  An adder zombie (D:6)
  2 adder skeletons (D:2)
  A worm (D:2)
  2 dart slugs
  3 leopard geckos
  23 orcs
  5 bats
  A bat skeleton (D:2)
  4 giant cockroaches
  7 goblins
  4 hobgoblins
  9 jackals
  8 kobolds
  8 quokkas
  2 ball pythons
  4 frilled lizards
  A leopard gecko skeleton (D:5)
  A quokka skeleton (D:5)
  6 rats
194 creatures vanquished.

Vanquished Creatures (others)
  An orc (D:6)
1 creature vanquished.

Grand Total: 195 creatures vanquished

Notes
Turn   | Place    | Note
-------+----------+-------------------------------------------
     0 | D:1      | DunjonMajik the Formicid Fighter began the quest for the
                  | Orb.
     0 | D:1      | Reached XP level 1. HP: 18/18 MP: 1/1
   176 | D:1      | Reached XP level 2. HP: 24/24 MP: 2/2
   785 | D:2      | Reached XP level 3. HP: 29/29 MP: 3/3
  1432 | D:2      | Reached XP level 4. HP: 35/35 MP: 4/4
  2325 | D:3      | Reached XP level 5. HP: 18/41 MP: 5/5
  2751 | D:3      | Found a shimmering altar of Xom.
  2796 | D:3      | Found a burning altar of Makhleb.
  2809 | D:3      | Reached skill level 5 in Axes
  3326 | D:4      | Found a stormy altar of Qazlal.
  3326 | D:4      | Noticed Edmund
  3339 | D:4      | Killed Edmund
  3339 | D:4      | Reached XP level 6. HP: 47/47 MP: 6/6
  3367 | D:4      | Noticed an ogre
  3387 | D:4      | Killed an ogre
  3846 | D:4      | Reached XP level 7. HP: 52/52 MP: 7/7
  3859 | D:4      | Found Gemeedo's Weapon Shop.
  3903 | D:4      | Found a glowing golden altar of the Shining One.
  4196 | D:4      | Found a staircase to the Ecumenical Temple.
  4211 | Temple   | Entered the Ecumenical Temple
  4305 | Temple   | Became a worshipper of Uskayaw the Reveler
  4713 | D:5      | Entered Level 5 of the Dungeon
  4748 | D:5      | Reached * piety under Uskayaw
  5014 | D:5      | Reached ** piety under Uskayaw
  5217 | D:5      | Found an iron altar of Okawaru.
  5370 | D:5      | Reached XP level 8. HP: 58/58 MP: 8/8
  5387 | D:5      | Reached *** piety under Uskayaw
  5474 | D:5      | Noticed Prince Ribbit
  5502 | D:5      | Killed Prince Ribbit
  5502 | D:5      | Reached skill level 5 in Fighting
  5524 | D:5      | Identified the ring of Bikhluiw {+Fly rC+ MR+ Dex+4}
  5691 | D:5      | Reached **** piety under Uskayaw
  5760 | D:5      | Reached skill level 5 in Shields
  6006 | D:5      | Found a white marble altar of Elyvilon.
  6441 | D:6      | Reached XP level 9. HP: 68/68 MP: 9/9
  6501 | D:6      | Reached skill level 5 in Armour
  6773 | D:6      | Found a white marble altar of Elyvilon.
  6806 | D:6      | Reached ***** piety under Uskayaw
  7416 | D:7      | Found a shimmering blue altar of Sif Muna.
  7429 | D:7      | Got an ichor-stained hunting sling
  7549 | D:7      | Noticed a troll
  7556 | D:7      | Killed a troll
  7761 | D:7      | Reached ****** piety under Uskayaw
  7809 | D:7      | Found a shattered altar of Ashenzari.
  7950 | D:7      | Reached XP level 10. HP: 56/74 MP: 10/10
  8628 | D:8      | Found an ornate altar of the Wu Jian Council.
  8969 | D:8      | Reached skill level 10 in Shields
  9171 | D:8      | Found a sparkling altar of Nemelex Xobeh.
  9252 | D:9      | Found a snail-covered altar of Cheibriados.
  9460 | D:9      | Noticed a death yak
  9463 | D:9      | Noticed a death yak
  9464 | D:9      | Found a staircase to the Lair.
  9464 | D:9      | Noticed a death yak
  9477 | D:9      | Killed a death yak
  9477 | D:9      | Reached skill level 10 in Axes
  9477 | D:9      | Reached XP level 11. HP: 67/80 MP: 11/11
  9500 | D:9      | Killed a death yak
  9512 | D:9      | Slain by a death yak

Illustrated notes

Levels and vault maps discovered:
D:1:      minmay_arrival_arboretum_small, layout_basic, minmay_misc_feat_plants
D:2:      layout_basic, serial_undead, serial_undead_d, serial_undead_a,
          serial_undead_c, serial_undead_d
D:3:      layout_basic, lemuel_crystal_altar, serial_forest,
          infiniplex_forest_lined_2, infiniplex_forest_lined_1,
          infiniplex_forest_clump_large, infiniplex_forest_straight_3,
          infiniplex_forest_zigzag_2, infiniplex_forest_clump_diagonal,
          infiniplex_forest_lined_2, infiniplex_forest_corner_1,
          makhleb_heckhound_becter
D:4:      layout_loops_ring, old_standard_altar, lemuel_coloured_pillars_altar,
          minmay_temple_entry_poolview, serial_shops, nicolae_shop_trees,
          first_ration, kennysheep_nondescript, uniq_edmund
D:5:      layout_basic, marbit_many_paths, okawaru_trees_1, uniq_prince_ribbit1
D:6:      layout_cave_pods, hex_tiny, elyvilon_altar_1
D:7:      layout_loops_ring, ashenzari_altar_1, old_standard_altar,
          minmay_nine_imps
D:8:      layout_loops_cross, basic_altar, grunt_livestock,
          nemelex_diamond_rough_becter
D:9:      minmay_blocky_corners, layout_rooms, nicolae_overflow_hidden_temple,
          dpeg_lair_monsters
Temple:   nicolae_temple_figure_eight

Skill      XL: |  1  2  3  4  5  6  7  8  9 10 |
---------------+-------------------------------+-----
Axes           | 3 4 5 7 8 10 | 10.8
Throwing       | 3 4 |  4.0
Fighting       | 5 |  5.5
Shields        | 5 10 | 10.2
Armour         | 4 8 |  8.6

Action                   |  1- 3 |  4- 6 |  7- 9 | 10-12 || total
-------------------------+-------+-------+-------+-------++-------
Melee: War axe           |    76 |   119 |   267 |   236 ||   698
Throw: Dart              |       |    17 |    65 |    15 ||    97
Invok: Line Pass         |       |       |       |     2 ||     2
Evoke: Wand              |       |       |     1 |     3 ||     4
  Use: Scroll            |       |     1 |     2 |     5 ||     8
 Stab: Paralysed         |       |       |    12 |    12 ||    24
  Eat: Chunk             |     2 |     7 |    13 |     9 ||    31
Armor: Scale mail        |    61 |    33 |       |       ||    94
       Chain mail        |       |    21 |   117 |       ||   138
       Plate armour      |       |       |    34 |   126 ||   160
Dodge: Dodged            |    44 |    48 |    86 |    45 ||   223
Block: Buckler           |       |    20 |    84 |    28 ||   132
       Kite shield       |       |       |       |    85 ||    85
